AoeStats
← Ballentyne

Black Forest

509204731Analyzed
4v4 RM · 5d ago on Sep 25, 2026· 80m 49s· 8 players
Game mode
Random Map
Map size
Large (8 player)
Population
200
Speed
Normal
Resources
Standard
Victory
Conquest
Starting age
Dark Age
Ending age
Imperial Age
RankedLock teamsTeams togetherTeam positionsShared explorationLock speedFull tech treeHidden civsTurbo modeCheats
Victory
Defeat
🇺🇸 Franks · United States
880
+16
🇹🇷 Berbers · Türkiye
871
+16
🇩🇪 Bohemians · Germany
869
+16
🇩🇪 Saxons · Germany
856
+17
🇨🇦 Burgundians · Canada
957
-19
🇹🇷 Turks · Türkiye
913
-18
🇩🇪 Varangians · Germany
840
-15
🇮🇩 Portuguese · Indonesia
785
-13
Fatih Sultan MEHMET
5:31 Loom
11:49 Feudal Age
13:23 Wheelbarrow
18:21 Castle Age
16:22 Double-Bit Axe
16:20 Horse Collar
16:33 Gold Mining
16:41 Stone Mining
18:21 Gold Mining
20:33 Bow Saw
24:14 Caravan
24:46 Fishing Lines
26:11 Treadmill Crane
26:58 Hand Cart
28:10 Heavy Plow
32:27 Imperial Age
31:50 Ballistics
31:22 Fletching
31:27 Gillnets
32:24 Gold Shaft Mining
32:58 Bloodlines
32:50 Husbandry
32:12 Light Cavalry
33:36 Stone Shaft Mining
34:10 Chemistry
33:11 Bodkin Arrow
34:40 Conscription
35:32 Town Watch
36:10 Kasbah
37:26 Bracer
39:29 Crop Rotation
39:47 Hoardings
39:44 Guilds
39:09 Elite Camel Archer
39:54 Maghrebi Camels
40:43 Scale Barding Armor
40:47 Siege Engineers
41:44 Masonry
42:32 Hoardings
42:03 Padded Archer Armor
42:55 Chain Barding Armor
42:22 Hussar
43:38 Forging
45:02 Leather Archer Armor
46:22 Plate Barding Armor
46:18 Ring Archer Armor
48:44 Iron Casting
48:11 Scale Mail Armor
48:39 Heavy Camel Rider
50:53 Blast Furnace
50:08 Chain Mail Armor
66:21 Capped Ram
79:14 Plate Mail Armor
TTVBrophetLIVE
12:59 Feudal Age
17:10 Castle Age
15:41 Double-Bit Axe
18:21 Horse Collar
20:34 Wheelbarrow
24:11 Hand Cart
24:38 Heavy Plow
27:00 Gold Mining
31:03 Imperial Age
29:23 Forging
29:13 Scale Mail Armor
29:04 Fletching
29:15 Padded Archer Armor
30:17 Arson
30:32 Squires
31:07 Masonry
32:13 Gold Shaft Mining
32:41 Iron Casting
34:25 Conscription
33:30 Crossbowman
34:53 Bow Saw
34:31 Loom
35:07 Chain Mail Armor
35:44 Arbalester
37:50 Thumb Ring
38:50 Chemistry
38:11 Ballistics
38:27 Plate Mail Armor
37:53 Bodkin Arrow
40:11 Bracer
41:47 Two-Man Saw
41:21 Elite Varangian Guard
42:22 Leather Archer Armor
50:42 Pikeman
59:58 Elite Genitour
74:10 Crop Rotation
wild
0:26 Loom
13:02 Feudal Age
17:30 Castle Age
17:17 Double-Bit Axe
21:41 Bow Saw
21:53 Fervor
25:52 Wheelbarrow
30:21 Hand Cart
30:23 Gold Mining
30:24 Stone Mining
31:05 Forging
33:43 Imperial Age
32:25 Husbandry
33:46 Iron Casting
33:17 Scale Barding Armor
34:06 Town Watch
33:54 Cavalier
35:43 Chain Barding Armor
36:17 Gold Shaft Mining
36:58 Paladin
38:17 Conscription
39:35 Blast Furnace
39:11 Plate Barding Armor
39:56 Chivalry
43:22 Fletching
46:17 Sanctity
54:29 Hoardings
62:20 Fortified Wall
62:44 Scale Mail Armor
72:34 Caravan
CRi
2:13 Loom
12:33 Feudal Age
17:40 Castle Age
20:05 Castle Age
18:59 Double-Bit Axe
21:05 Horse Collar
24:06 Wheelbarrow
23:52 Town Watch
24:23 Bow Saw
30:31 Imperial Age
28:56 Ballistics
32:14 Elite Skirmisher
33:00 Fletching
33:11 Padded Archer Armor
34:57 Squires
36:54 Bodkin Arrow
37:15 Leather Archer Armor
38:26 Chemistry
37:50 Hand Cart
37:37 Town Patrol
38:13 Caravan
39:05 Houfnice
41:24 Bracer
43:22 Ring Archer Armor
43:23 Bombard Tower
44:39 Coinage
44:26 Guilds
44:49 Conscription
44:17 Crossbowman
45:08 Arbalester
48:52 Two-Man Saw
47:55 Heavy Plow
59:23 Light Cavalry
60:18 Scale Barding Armor
60:24 Forging
Sir Leonhart
1:19 Loom
14:05 Feudal Age
21:07 Castle Age
27:06 Imperial Age
24:41 Stone Mining
24:45 Gold Mining
24:36 Horse Collar
24:44 Double-Bit Axe
27:01 Gambesons
27:16 Squires
27:32 Scale Mail Armor
29:52 Stone Shaft Mining
29:20 Heavy Plow
30:14 Fishing Lines
31:32 Bow Saw
32:09 Wheelbarrow
33:51 Two-Man Saw
34:00 Caravan
34:27 Hand Cart
35:05 Conscription
35:13 Chain Mail Armor
35:38 Gothikon
37:35 Elite Varangian Guard
38:39 Forging
39:55 Iron Casting
39:52 Plate Mail Armor
39:16 Arson
40:53 Fortified Wall
42:48 Gillnets
42:42 Elite Jarl
43:25 Town Watch
44:45 Blast Furnace
44:57 Siege Engineers
45:12 Ballistics
45:53 Chemistry
45:53 Husbandry
46:36 Onager
74:08 Pikeman
77:11 Halberdier
CANULAN
13:28 Feudal Age
14:54 Double-Bit Axe
18:09 Castle Age
17:44 Double-Bit Axe
17:51 Gold Mining
25:24 Imperial Age
23:26 Horse Collar
39:41 Padded Archer Armor
39:50 Loom
40:40 Wheelbarrow
39:54 Town Watch
42:16 Artillery
42:37 Conscription
44:01 Caravan
43:44 Elite Janissary
55:19 Heavy Plow
62:08 Bombard Tower
70:01 Scale Barding Armor
70:07 Forging
70:11 Bloodlines
70:03 Husbandry
71:17 Gold Shaft Mining
70:33 Stone Mining
71:36 Bow Saw
72:48 Chain Barding Armor
74:57 Two-Man Saw
75:00 Plate Barding Armor
75:00 Iron Casting
Ballentyne
0:31 Loom
10:47 Wheelbarrow
14:18 Feudal Age
14:59 Horse Collar
15:06 Double-Bit Axe
15:40 Hand Cart
15:22 Stone Mining
15:38 Gold Mining
16:42 Heavy Plow
23:02 Castle Age
21:56 Stone Shaft Mining
21:33 Bow Saw
22:01 Gold Shaft Mining
24:54 Squires
24:41 Arson
25:01 Husbandry
25:58 Crop Rotation
26:31 Two-Man Saw
27:38 Caravan
28:09 Coinage
33:22 Imperial Age
31:30 Burgundian Vineyards
31:10 Treadmill Crane
31:53 Ballistics
34:44 Banking
34:42 Conscription
35:33 Chemistry
35:17 Scale Mail Armor
35:22 Scale Barding Armor
35:28 Forging
35:10 Fletching
35:22 Padded Archer Armor
37:56 Elite Coustillier
41:27 Iron Casting
40:49 Bodkin Arrow
41:11 Chain Mail Armor
41:16 Chain Barding Armor
41:12 Leather Archer Armor
42:03 Town Watch
46:28 Blast Furnace
45:58 Plate Mail Armor
46:03 Plate Barding Armor
45:28 Bracer
45:32 Town Patrol
52:41 Murder Holes
52:56 Fortified Wall
52:58 Masonry
66:55 Pikeman
66:58 Elite Skirmisher
67:03 Light Cavalry
67:58 Halberdier
ayon
0:50 Loom
11:46 Feudal Age
12:34 Double-Bit Axe
19:43 Castle Age
19:41 Stone Mining
19:44 Gold Mining
32:04 Imperial Age
30:06 Bow Saw
29:51 Town Watch
31:05 Wheelbarrow
31:10 Heated Shot
31:41 Ballistics
31:32 Masonry
31:55 Fishing Lines
33:03 Scale Barding Armor
32:59 Scale Mail Armor
33:09 Forging
34:31 Chemistry
33:12 Treadmill Crane
33:38 Siege Engineers
34:04 Architecture
36:17 Arquebus
37:55 Two-Man Saw
37:28 Architecture
37:35 Iron Casting
38:05 Elite Organ Gun
40:02 Husbandry
39:23 Cavalier
41:45 Chain Barding Armor
42:26 Blast Furnace
41:42 Chain Mail Armor
41:24 Guard Tower
49:38 Plate Barding Armor
49:34 Plate Mail Armor
50:33 Bombard Tower
50:49 Keep
50:11 Murder Holes
50:26 Fortified Wall
60:36 Pikeman
64:54 Town Patrol
65:54 Halberdier
68:53 Hand Cart
Connection lost

Rejoining the realm…

Still unreachable

The connection could not be restored.

Session expired

The server has moved on; the page needs a fresh start.